 Dungeon Crawl Stone Soup version 0.27-a0-1137-g3ef0f4ec91 (webtiles) character file.

Game seed: 4554719305557354455

1578564 sizableburger the Hawkeye (level 27, 315/315 HPs)
             Began as a Demonspawn Hunter on May 5, 2021.
             Was an Initiate of Gozag.
             Escaped with the Orb
             ... and 3 runes on May 7, 2021!
             The game lasted 05:05:24 (82967 turns).

sizableburger the Hawkeye (Demonspawn Hunter)      Turns: 82967, Time: 05:05:24

Health: 315/315    AC: 46    Str: 27    XL:     27
Magic:  44/44      EV: 15    Int: 16    God:    Gozag
Gold:   1906       SH: 20    Dex: 25    Spells: 42/60 levels left

rFire    + + .     SeeInvis .   Q - +8 arc blade {discharge, rElec}
rCold    + + .     Faith    .   D - +4 kite shield {AC+3}
rNeg     + . .     Spirit   .   t - +1 crystal plate armour of Zin's Benevolence {rC+ Regen+}
rPois    +         Reflect  .   b - +2 hat {Will+}
rElec    +         Harm     .   o - +2 cloak
rCorr    +         Rampage  .   B - +2 pair of gloves
Will     ++++.                  (boots unavailable)
Stlth    ..........             i - macabre finger necklace {rN+}
HPRegen  1.62/turn              d - ring "Antoz" {rElec Str+4 Slay+4}
MPRegen  0.29/turn              R - +6 ring of dexterity
                                p - ring "Feir" {Will+ AC+4 Str+3 Dex+3}

@: mighty, berserking, silenced, resistant, attractive, very slightly
contaminated, hasted, studying 3 skills, invisible, very quick
A: talons 3, molten scales 3, foul stench 3, powered by pain 3, augmentation 3
0: Orb of Zot
}: 3/15 runes: decaying, serpentine, silver
a: Renounce Religion


You escaped.
You worshipped Gozag.
Gozag was most pleased with you.
You visited 9 branches of the dungeon, and saw 48 of its levels.
You also visited: Trove, Bailey, Gauntlet and Ice Cave.

You collected 31431 gold pieces.
You spent 9179 gold pieces at shops.
You paid 20346 gold pieces to Gozag.

Inventory:

Hand Weapons
 M - the +10 rapier "Gangoah" {flame, rCorr}
   (You bought it in a shop on level 2 of the Vaults)

   It has been specially enchanted to burn those struck by it, causing extra
   injury to most foes and up to half again as much damage against particularly
   susceptible opponents.
   It protects you from acid and corrosion.
 Q - the +8 arc blade (weapon) {discharge, rElec}
   (You acquired it on level 12 of the Dungeon)

   It insulates you from electricity.
 S - a +12 quick blade
Missiles
 c - 33 javelins
 r - 29 boomerangs (quivered)
 v - 3 silver javelins
 E - 3 atropa-tipped darts
 N - 5 curare-tipped darts
 P - 3 throwing nets
 V - 2 boomerangs of dispersal
Armour
 b - a +2 hat of willpower (worn)
 k - a +1 helmet of intelligence
 o - a +2 cloak (worn)
 t - the +1 crystal plate armour of Zin's Benevolence (worn) {rC+ Regen+}
   (You bought it in a shop on level 13 of the Dungeon)

   It protects you from cold.
   It increases your rate of health regeneration.
 B - a +2 pair of gloves (worn)
 D - a +4 kite shield of protection (worn)
Jewellery
 d - the ring "Antoz" (left hand) {rElec Str+4 Slay+4}
   (You found it in a treasure trove)

   [ring of slaying]

   It affects your strength (+4).
   It affects your accuracy and damage with ranged weapons and melee attacks
   (+4).
   It insulates you from electricity.
 e - a ring of willpower
 h - a ring of positive energy
 i - the macabre finger necklace (around neck) {rN+}
   (You bought it in a shop on level 2 of the Snake Pit)

   [amulet of nothing]

   It enables you to equip an extra ring.
   It protects you from negative energy.
 p - the ring "Feir" (on amulet) {Will+ AC+4 Str+3 Dex+3}
   (You bought it in a shop on level 2 of the Snake Pit)

   [ring of protection]

   It affects your AC (+4).
   It affects your strength (+3).
   It affects your dexterity (+3).
   It increases your willpower.
 u - a ring of protection from cold
 R - a +6 ring of dexterity (right hand)
 X - a ring of see invisible
 Z - the ring of Vuseo {rF+ rC+ rCorr Dex-3}
   (You found it in a treasure trove)

   [ring of protection from fire]

   It affects your dexterity (-3).
   It protects you from fire.
   It protects you from cold.
   It protects you from acid and corrosion.
Wands
 s - a wand of digging (23)
 w - a wand of paralysis (25)
 H - a wand of iceblast (103)
 Y - a wand of acid (29)
Scrolls
 g - 6 scrolls of immolation
 l - 4 scrolls of fear
 n - 3 scrolls of silence
 z - a scroll of amnesia
 I - 10 scrolls of teleportation
 L - 6 scrolls of magic mapping
 W - 3 scrolls of fog
Potions
 f - 16 potions of curing
 j - a potion of resistance
 x - 9 potions of lignification
 A - 3 potions of invisibility
 C - a potion of magic
 F - a potion of haste
 G - 4 potions of berserk rage
 J - 3 potions of heal wounds
 K - 2 potions of cancellation
 O - 8 potions of attraction
 U - 3 potions of might
Miscellaneous
 a - a phial of floods
 m - a tin of tremorstones (2/2)
 q - a phantom mirror
 y - a box of beasts


   Skills:
 - Level 16.1 Fighting
 - Level 14.0 Short Blades
 + Level 21.3 Throwing
 - Level 17.7 Armour
 + Level 14.2 Dodging
 - Level 6.1 Stealth
 - Level 15.0 Shields
 - Level 17.2 Spellcasting
 + Level 18.8 Translocations
 - Level 7.3 Evocations


You had 42 spell levels left.
You knew the following spells:

 Your Spells              Type           Power      Damage    Failure   Level
a - Apportation           Tloc           100%       N/A       1%          1
b - Passage of Golubria   Tloc           N/A        N/A       1%          4
c - Blink                 Tloc           N/A        N/A       1%          2
d - Manifold Assault      Tloc           100%       N/A       1%          5
e - Dispersal             Tloc           52%        N/A       4%          6

Your spell library contained the following spells:

 Spells                   Type           Power      Damage    Failure   Level
 Gell's Gravitas          Tloc           52%        N/A       1%          3
 Lesser Beckoning         Tloc           52%        N/A       1%          3
 Teleport Other           Tloc           100%       N/A       1%          3
 Portal Projectile        Hex/Tloc       100%       N/A       4%          3
 Iskenderun's Mystic Bla  Conj/Tloc      77%        2d15      14%         4
 Summon Forest            Summ/Tloc      38%        N/A       38%         5
 Animate Skeleton         Necr           60%        N/A       56%         1
 Beastly Appendage        Tmut           60%        N/A       56%         1
 Corona                   Hex            33%        N/A       56%         1
 Freeze                   Ice            100%       1d11      56%         1
 Magic Dart               Conj           100%       1d8       56%         1
 Pain                     Necr           100%       1d9       56%         1
 Shock                    Conj/Air       100%       1d9       56%         1
 Summon Small Mammal      Summ           100%       N/A       56%         1
 Call Imp                 Summ           30%        N/A       71%         2
 Ensorcelled Hibernation  Hex/Ice        60%        N/A       71%         2
 Passwall                 Tmut/Erth      25%        N/A       71%         2
 Poisonous Vapours        Pois/Air       60%        N/A       71%         2
 Searing Ray              Conj           60%        3d5       71%         2
 Slow                     Hex            30%        N/A       71%         2
 Static Discharge         Conj/Air       30%        N/A       71%         2
 Sublimation of Blood     Necr           15%        N/A       71%         2
 Wereblood                Tmut           30%        N/A       71%         2
 Disjunction              Tloc           52%        N/A       90%         8
 Call Canine Familiar     Summ           30%        N/A       91%         3
 Confusing Touch          Hex            30%        N/A       91%         3
 Conjure Flame            Conj/Fire      30%        6-21      91%         3
 Dazzling Flash           Conj/Hex       60%        N/A       91%         3
 Frozen Ramparts          Ice            60%        1d8       91%         3
 Ignite Poison            Fire/Tmut/Pois 30%        N/A       91%         3
 Inner Flame              Hex/Fire       30%        N/A       91%         3
 Mephitic Cloud           Conj/Pois/Air  30%        N/A       91%         3
 Ozocubu's Armour         Ice            30%        N/A       91%         3
 Spider Form              Tmut/Pois      15%        N/A       91%         3
 Stone Arrow              Conj/Erth      60%        3d10      91%         3
 Summon Guardian Golem    Hex/Summ       30%        N/A       91%         3
 Swiftness                Air            30%        N/A       91%         3
 Tukima's Dance           Hex            30%        N/A       91%         3
 Vampiric Draining        Necr           15%        2d8       91%         3
 Airstrike                Air            15%        N/A       100%        4
 Animate Dead             Necr           15%        N/A       100%        4
 Cause Fear               Hex            15%        N/A       100%        4
 Fulminant Prism          Conj/Hex       15%        3d11      100%        4
 Hailstorm                Conj/Ice       30%        3d8       100%        4
 Ice Form                 Ice/Tmut       30%        N/A       100%        4
 Leda's Liquefaction      Hex/Erth       15%        N/A       100%        4
 Petrify                  Tmut/Erth      30%        N/A       100%        4
 Sticky Flame             Conj/Fire      30%        2d5       100%        4
 Summon Ice Beast         Ice/Summ       30%        N/A       100%        4
 Summon Lightning Spire   Summ/Air       30%        N/A       100%        4
 Agony                    Necr           30%        N/A       100%        5
 Alistair's Intoxication  Tmut/Pois      20%        N/A       100%        5
 Bolt of Magma            Conj/Fire/Erth 15%        4d9       100%        5
 Hydra Form               Tmut           15%        N/A       100%        5
 Irradiate                Conj/Tmut      15%        3d19      100%        5
 Iskenderun's Battlesphe  Conj           30%        2d8       100%        5
 Lee's Rapid Deconstruct  Erth           15%        3d11*     100%        5
 Lightning Bolt           Conj/Air       15%        1d29      100%        5
 Metabolic Englaciation   Hex/Ice        15%        N/A       100%        5
 Summon Mana Viper        Hex/Summ       30%        N/A       100%        5
 Blade Hands              Tmut           15%        N/A       100%        6
 Eringya's Noxious Bog    Tmut/Pois      15%        N/A       100%        6
 Freezing Cloud           Conj/Ice/Air   15%        6-21      100%        6
 Invisibility             Hex            30%        N/A       100%        6
 Iron Shot                Conj/Erth      15%        9d4       100%        6
 Shadow Creatures         Summ           N/A        N/A       100%        6
 Simulacrum               Ice/Necr       15%        N/A       100%        6
 Statue Form              Tmut/Erth      20%        N/A       100%        6
 Dragon Form              Tmut           15%        N/A       100%        7
 Malign Gateway           Summ/Tloc      38%        N/A       100%        7
 Orb of Destruction       Conj           15%        9d7       100%        7
 Ozocubu's Refrigeration  Ice            15%        4d8       100%        7
 Spellforged Servitor     Conj/Summ      15%        N/A       100%        7
 Summon Hydra             Summ           15%        N/A       100%        7
 Dragon's Call            Summ           15%        N/A       100%        9


Dungeon Overview and Level Annotations

Branches:
Dungeon (15/15)            Temple (0/1) D:4            Lair (6/6) D:8
  Swamp (4/4) Lair:2        Snake (4/4) Lair:4        Slime (0/5) Lair:5
    Orc (2/2) D:9             Elf (2/3) Orc:2        Vaults (5/5) D:14
  Crypt (0/3) Vaults:3     Depths (5/5) D:15            Zot (5/5) Depths:5
 Bailey (visited)           IceCv (visited)         Gauntlet (visited)

Altars:
Ashenzari
Dithmenos
Fedhas
Gozag
Hepliaklqana
Kikubaaqudgha
Trog
Wu Jian
Yredelemnul
The Shining One
Beogh

Shops:
D:7 *   D:13 *   D:15 *   Orc:2 :[!!   Elf:1 (   Lair:3 (   Snake:2 :==:
Snake:4 (:   Vaults:1 *=[*   Vaults:2 (   Vaults:3 *   Depths:2 !   Depths:3 ?

Portals:
Hell: Depths:1 Depths:2 Depths:3 Depths:4 Depths:5
Abyss: Depths:1 Depths:4
Pandemonium: Depths:3 Depths:4
Ziggurat: Depths:1

Annotations:
Zot:3 1 transporter


Innate Abilities, Weirdness & Mutations

You have claws for feet.
You are completely covered in molten scales. (AC +4, rF+)
You frequently emit foul miasma when damaged in melee.
You are powered by pain.
Your magical and physical power is greatly enhanced at high health.


Message History

You start to feel less resistant.
You feel a little less mighty now.
Your resistance to elements expires.
You feel a little less agile now.
There is a stone staircase leading up here.
You climb upwards.
There is a stone staircase leading down here.
HP restored.
There is an open door here.
There is a dry fountain here.
There is a staircase leading out of the dungeon here.
Okay, then.
You fade into invisibility!
You are very lightly contaminated with residual magic.
You feel protected.
You feel yourself speed up.
You feel very mighty all of a sudden.
Okay, then.
Okay, then. [a] - 160 gold - heal wounds and curing [b] - 400 gold - heal wounds, berserk rage and resistance [c] - 644 gold - invisibility, might, heal wounds, curing and magic Purchase which effect?
You no longer have enough gold to fund merchants seeking to open stores in the dungeon.
You fade further into invisibility.
You feel mightier all of a sudden.
You feel much better.
You feel better. Magic courses through your body.
Okay, then.
Really quaff the potion of attraction?
You feel attractive to monsters.
Okay, then.
As you read the scroll of silence, it crumbles to dust.
A profound silence engulfs you.
The Brimstone Fiend is pulled toward you!
A Brimstone Fiend comes into view.
A red film seems to cover your vision as you go berserk!
You feel yourself moving faster!
You feel mighty!
The Brimstone Fiend is pulled toward you!
You can't go down here!
You feel a strong urge to attack something.
You have escaped!

..........#############...####
♣.........#...#...#...#......#
≈♣....#...'.⌠.#.⌠...⌠.#......#
..........#...#...#...#......#
≈≈........##.###.###.##......#
≈≈....######.# #.# #.##......#
♣......# ##.###.###.###.....#
.......# #...#.1.#...##.....#
#......# #.⌠.#.@.#.⌠.##.....#
.......# #...#...#...##.....#
.......## ##.###.###.###....[#
........####.# #.# #÷# ###..##
..........##.###.###.## #..#
.#####..#.#...#...#...####..#
.# #...)#.⌠...⌠.#.⌠.'.##..###
># #..#.#...#...#...#.##....#
.# ##...#############..##...#


You could see a Brimstone Fiend.

Vanquished Creatures
  2 dread liches (Vaults:5)
  An ancient lich (Vaults:5)
  The ghost of Ushret the Black Belt, a legendary GnFE of Okawaru (Zot:3)
  2 orbs of fire
  2 juggernauts
  Sojobo (Vaults:2)
  4 Killer Klowns
  A curse toe (Zot:5)
  A caustic shrike (Depths:3)
  7 golden dragons
  the Enchantress (Depths:3)
  A bone dragon (Depths:5)
  2 electric golems
  2 Brimstone Fiends
  17 tentacled monstrosities
  22 Orb Guardians
  7 titans
  2 liches
  9 quicksilver dragons
  Frances (Snake:2)
  8 sphinxes
  9 storm dragons
  The ghost of krigyl the Severer, an adept MiMo of Makhleb (Snake:3)
  3 death cobs
  Gastronok (D:12)
  2 thorn hunters (Swamp:3)
  6 shadow dragons
  6 tengu reavers
  13 fire giants
  7 draconian monks
  An azure jelly (Swamp:4)
  A fenstrider witch (Swamp:3)
  10 nagarajas
  17 vault wardens
  An orc warlord (Vaults:4)
  2 deep elf sorcerers
  4 draconian knights
  3 draconian scorchers
  10 frost giants
  3 iron dragons
  Louise (D:14)
  Aizul (Snake:2)
  4 draconian shifters
  7 draconian annihilators
  3 draconian stormcallers
  6 spriggan defenders
  A ghost moth (Zot:3)
  A ghoul (Swamp:3)
  29 very ugly things
  7 war gargoyles
  A quicksilver ooze (shapeshifter) (Vaults:5)
  8 green draconians
  A reaper (Zot:5)
  20 ironbound preservers
  3 vampire knights (Depths:3)
  18 stone giants
  2 lorocyprocas
  5 deep elf annihilators
  Nessos (D:12)
  An entropy weaver (Vaults:3)
  3 deep elf demonologists
  8 white draconians
  7 dire elephants
  Azrael (D:12)
  A minotaur (Gauntlet)
  11 black draconians
  7 yellow draconians
  9 red draconians
  11 spark wasps
  5 bunyips
  3 eleionomae
  2 blizzard demons
  8 purple draconians
  A deep elf death mage (Depths:5)
  4 crystal guardians
  15 ettins
  2 deep elf high priests
  A shambling mangrove (Swamp:3)
  5 fire dragons
  6 great orbs of eyes
  3 jiangshi (Depths:3)
  22 yaktaur captains
  33 vault guards
  An ice dragon (shapeshifter) (Vaults:5)
  Fannar (D:10)
  4 rakshasas
  11 ironbound thunderhulks
  15 hydras
  6 peacekeepers
  3 salamander tyrants
  10 anacondas
  4 boulder beetles
  8 ironbound frosthearts
  An ogre mage (D:14)
  8 spriggan air magi
  9 ice dragons
  15 centaur warriors
  18 naga warriors
  3 ghost crabs
  9 two-headed ogres
  3 death knights
  An anaconda (shapeshifter) (Vaults:5)
  2 death yaks (IceCv)
  8 tengu warriors
  11 alligators
  9 hell hogs
  A titan zombie (Depths:2)
  A death scarab (Gauntlet)
  5 vampire magi
  6 ironbound beastmasters
  17 deep troll earth magi
  Urug (D:11)
  13 deep troll shamans
  3 spriggan berserkers
  The ghost of RepHenryClay the Nimble, a journeyman DECj of Vehumet (D:10)
  2 hell knights (Vaults:5)
  11 deep elf knights
  9 shock serpents
  24 naga sharpshooters
  A sun demon (D:8)
  Nergalle (Lair:2)
  A sixfirhy (Depths:4)
  16 iron trolls
  A skeletal warrior (D:14)
  A shadow wraith (D:12)
  4 salamander mystics (Snake:3)
  A spectral death yak (Gauntlet)
  7 sea snakes (Snake:4)
  3 glowing orange brains
  2 flayed ghosts (D:12)
  5 naga ritualists
  5 goliath frogs
  80 deep trolls
  23 ironbound convokers
  4 bog bodies
  10 wizards
  11 deep elf archers
  6 swamp dragons
  6 necromancers
  A phantasmal warrior (Vaults:5)
  4 harpies (Vaults:3)
  6 orc knights
  20 deep elf pyromancers
  20 deep elf zephyrmancers
  4 lindwurms
  6 oklob plants
  12 mana vipers
  2 orc sorcerers
  60 ugly things
  24 salamanders
  2 eyes of devastation (shapeshifter)
  A wolf spider (D:15)
  5 manticores
  2 will-o-the-wisps
  25 moths of wrath
  A frost giant zombie (Depths:2)
  4 cyclopes
  5 elephants
  11 guardian serpents
  A human skeleton (Vaults:2)
  17 naga magi
  27 vault sentinels
  A frost giant skeleton (Vaults:3)
  2 elf zombies
  26 black mambas
  2 smoke demons (Depths:5)
  A torpor snail (shapeshifter) (Depths:3)
  4 molten gargoyles
  A torpor snail (Lair:3)
  A cane toad (shapeshifter) (D:13)
  An ice statue (IceCv)
  3 human zombies
  A storm dragon simulacrum (Vaults:3)
  3 gargoyles
  An orange demon (Depths:4)
  8 cane toads
  4 rime drakes
  An unseen horror (D:12)
  19 komodo dragons
  2 kobold demonologists
  A minotaur zombie (Gauntlet)
  A komodo dragon (shapeshifter) (Vaults:4)
  2 ice devils
  6 freezing wraiths
  7 tengu conjurers
  A tormentor (Zot:4)
  47 yaktaurs
  A hellwing (Depths:4)
  4 bloated husks
  A meliai (shapeshifter) (D:12)
  A troll (Orc:1)
  A silent spectre (Depths:4)
  7 tyrant leeches
  18 polar bears
  2 wind drakes (shapeshifter)
  23 blink frogs
  14 hornets
  67 slime creatures
  A meliai zombie (D:10)
  7 dream sheep
  11 spriggans
  6 wraiths
  2 shadows
  3 air elementals
  A vampire (D:13)
  6 wyverns
  57 yaks
  10 basilisks
  8 water elementals
  4 swamp worm simulacra (Swamp:4)
  Grum (D:8)
  4 fire elementals
  3 fire bats (Depths:3)
  3 steam dragons
  A human simulacrum (Vaults:2)
  3 elf simulacra
  11 swamp worms
  58 nagas
  23 vampire mosquitoes
  3 acid dragons
  17 water moccasins
  6 hell hounds
  16 hydra simulacra (Swamp:4)
  2 ice beasts (D:5)
  A sky beast (D:5)
  48 orc warriors
  2 black bears (D:6)
  A necrophage (Swamp:3)
  46 wolves
  28 centaurs
  10 ogres
  A phantom (D:6)
  4 kobold brigands
  12 bullfrogs
  2 earth elementals (Elf:2)
  3 scorpions
  A water moccasin zombie (D:6)
  5 killer bees (D:4)
  5 howler monkeys
  7 wights
  6 electric eels
  5 lava snakes (Lair:6)
  6 centaur zombies
  2 hounds
  11 orc priests
  4 jellies
  2 iguanas (D:6)
  26 orc wizards
  A scorpion zombie (D:5)
  A hound skeleton (D:4)
  10 adders
  12 gnolls
  A howler monkey skeleton (D:7)
  A shadow imp (D:6)
  12 white imps (Lair:6)
  4 swamp drake simulacra (Swamp:4)
  An ufetubus (D:5)
  An adder skeleton (D:5)
  2 worms
  6 dart slugs
  76 orcs
  6 ball pythons
  6 endoplasms
  4 giant cockroaches
  10 goblins
  8 hobgoblins
  8 jackals
  4 quokkas
  12 bats
  4 frilled lizards
  20 kobolds
  A quokka skeleton (D:4)
  2 rats
2187 creatures vanquished.

Vanquished Creatures (collateral kills)
  A dread lich (Vaults:5)
  A Killer Klown (Zot:5)
  2 pandemonium lords (Zot:5)
  2 tentacled monstrosities
  2 Orb Guardians (Zot:5)
  A lich (Zot:5)
  A sphinx (Vaults:5)
  A storm dragon (shapeshifter) (Vaults:5)
  2 tengu reavers (Vaults:5)
  A fire giant (Vaults:5)
  4 vault wardens (Vaults:5)
  3 ironbound preservers (Vaults:5)
  A very ugly thing (Vaults:5)
  A lorocyproca (Zot:5)
  A deep elf annihilator (Vaults:5)
  A deep elf death mage (Vaults:5)
  An ettin (Vaults:5)
  5 yaktaur captains (Vaults:5)
  A vault guard (Vaults:5)
  A soul eater (Zot:5)
  2 sun demons (Zot:5)
  3 hell knights (Vaults:5)
  A yaktaur (Vaults:5)
  A sixfirhy (Zot:5)
  A gelid demonspawn (Zot:5)
  A phantasmal warrior (Vaults:5)
  An ironbound convoker (Vaults:5)
  2 orc knights (Vaults:5)
  A hellion (Zot:5)
  2 orange demons (Zot:5)
  A ynoxinul (Zot:5)
  An orc priest (Vaults:5)
  A gnoll (shapeshifter) (Vaults:5)
  An orc (Vaults:5)
52 creatures vanquished.

Vanquished Creatures (others)
  A dread lich (Vaults:5)
  A titan (Vaults:5)
  An Orb Guardian (Zot:5)
  A sphinx (Vaults:5)
  2 shadow dragons
  A draconian knight (Zot:3)
  A fire giant (Vaults:5)
  A frost giant (Vaults:5)
  A deep elf sorcerer (Vaults:5)
  4 vault wardens
  A stone giant (Vaults:5)
  A war gargoyle (Vaults:5)
  A deep elf demonologist (Elf:2)
  24 dancing weapons
  2 hell hogs (Depths:1)
  2 deep elf knights
  A hell knight (Vaults:5)
  A necromancer (Vaults:5)
  A deep elf pyromancer (Elf:1)
  A salamander (Depths:3)
  A moth of wrath (Depths:4)
  A vault sentinel (Vaults:5)
  A smoke demon (Zot:4)
  5 yaktaurs (Vaults:5)
  2 bloated husks (Swamp:2)
  A red devil (Zot:4)
  A chaos spawn (Zot:4)
  A swamp worm (Swamp:2)
  An orc warrior (Vaults:5)
  3 orc wizards
  4 foxfires
  23 fungi
  99 plants
  4 withered plants
196 creatures vanquished.

Grand Total: 2435 creatures vanquished

Notes
Turn   | Place    | Note
-------+----------+-------------------------------------------
     0 | D:1      | sizableburger the Demonspawn Hunter began the quest for the
                  | Orb.
     0 | D:1      | Reached XP level 1. HP: 16/16 MP: 1/1
   368 | D:1      | Gained mutation: You may rarely emit foul miasma when
                  | damaged in melee. [demonic ancestry]
   368 | D:1      | Reached XP level 2. HP: 7/22 MP: 2/2
   803 | D:1      | Reached skill level 1 in Short Blades
  1065 | D:1      | Gained mutation: You have sharp toenails. [demonic
                  | ancestry]
  1065 | D:1      | Reached XP level 3. HP: 12/28 MP: 3/3
  1280 | D:1      | You fall into a shaft and drop 1 floor!
  1313 | D:2      | Reached skill level 4 in Throwing
  1710 | D:2      | Found a faded altar of an unknown god.
  1717 | D:2      | Became a worshipper of Gozag Ym Sagoz the Greedy
  1900 | D:2      | Gained mutation: You are partially covered in molten
                  | scales. (AC +2) [demonic ancestry]
  1900 | D:2      | Reached XP level 4. HP: 27/35 MP: 4/4
  2623 | D:2      | Gained mutation: You have razor-sharp toenails. [demonic
                  | ancestry]
  2623 | D:2      | Reached XP level 5. HP: 37/41 MP: 5/5
  3033 | D:3      | Noticed a water moccasin
  3435 | D:3      | Killed a water moccasin
  3725 | D:3      | Reached XP level 6. HP: 48/48 MP: 6/6
  4354 | D:4      | Found a staircase to the Ecumenical Temple.
  4461 | D:4      | Identified the +0 robe of Midwinter {rC+ Regen+ Str+4}
  4610 | D:4      | Reached skill level 5 in Throwing
  4629 | D:5      | Entered Level 5 of the Dungeon
  4632 | D:5      | Noticed an ice beast
  4643 | D:5      | Killed an ice beast
  4644 | D:5      | Gained mutation: You sometimes gain a little power by
                  | taking damage. [demonic ancestry]
  4644 | D:5      | Reached XP level 7. HP: 11/55 MP: 7/7
  4911 | D:4      | HP: 2/55 [killer bee (1)]
  4921 | D:4      | Reached skill level 5 in Fighting
  6151 | D:5      | Reached skill level 6 in Throwing
  6160 | D:5      | Gained mutation: You have claws for feet. [demonic
                  | ancestry]
  6160 | D:5      | Reached XP level 8. HP: 64/64 MP: 8/8
  6583 | D:5      | Reached skill level 5 in Short Blades
  6949 | D:6      | Reached skill level 7 in Throwing
  7434 | D:6      | Reached XP level 9. HP: 62/72 MP: 9/9
  8118 | D:6      | Reached skill level 8 in Throwing
  8563 | D:7      | Bought 5 atropa-tipped darts for 30 gold pieces
  9830 | D:8      | Noticed a two-headed ogre
  9852 | D:8      | Killed a two-headed ogre
  9853 | D:8      | Reached XP level 10. HP: 12/82 MP: 10/10
 10201 | D:8      | Found a staircase to the Lair.
 10321 | D:8      | Noticed a death knight
 10339 | Lair:1   | Entered Level 1 of the Lair of Beasts
 11028 | Lair:1   | Reached skill level 9 in Throwing
 11155 | Lair:1   | Noticed a four-headed hydra
 11171 | Lair:1   | Killed a four-headed hydra
 11553 | Lair:1   | Reached skill level 1 in Armour
 11553 | Lair:1   | Reached skill level 1 in Evocations
 12585 | Lair:1   | Noticed a cane toad
 12606 | Lair:1   | Killed a cane toad
 12607 | Lair:1   | Gained mutation: You sometimes emit foul miasma when
                  | damaged in melee. [demonic ancestry]
 12607 | Lair:1   | Reached XP level 11. HP: 40/89 MP: 11/11
 13864 | D:8      | Noticed Grum
 13900 | D:8      | Killed Grum
 14491 | D:8      | Found an opulent altar of Gozag.
 14746 | D:9      | You fall into a shaft and drop 1 floor!
 14746 | D:10     | Entered Level 10 of the Dungeon
 14747 | D:10     | Noticed Fannar
 14766 | D:10     | Killed Fannar
 14767 | D:10     | Reached skill level 10 in Throwing
 15265 | D:9      | Found a staircase to the Orcish Mines.
 16658 | Lair:2   | Noticed a four-headed hydra
 16671 | Lair:2   | Noticed a seven-headed hydra
 16673 | Lair:2   | Killed a four-headed hydra
 17006 | Lair:2   | Killed a seven-headed hydra
 17007 | Lair:2   | Reached skill level 5 in Evocations
 17517 | Lair:2   | Reached skill level 5 in Armour
 17692 | Lair:2   | Noticed Nergalle
 17709 | Lair:2   | Killed Nergalle
 17710 | Lair:2   | Reached skill level 10 in Short Blades
 17710 | Lair:2   | Gained mutation: You sometimes gain power by taking damage.
                  | [demonic ancestry]
 17710 | Lair:2   | Reached XP level 12. HP: 96/96 MP: 12/12
 17770 | Lair:2   | Reached skill level 1 in Stealth
 18171 | Lair:2   | Found a staircase to the Swamp.
 18705 | Lair:3   | Found a basalt altar of Yredelemnul.
 18711 | Lair:3   | Noticed a six-headed hydra
 18725 | Lair:3   | Killed a six-headed hydra
 18726 | Lair:3   | Reached skill level 10 in Fighting
 18726 | Lair:3   | Reached skill level 11 in Throwing
 18735 | Lair:3   | Bought a pitted dagger for 252 gold pieces
 18735 | Lair:3   | Identified the +9 dagger "Hoolijez" {flame, rF- Int+6} (You
                  | bought it in a shop on level 3 of the Lair of Beasts)
 19865 | Lair:4   | Found a staircase to the Snake Pit.
 20411 | Lair:4   | Reached skill level 5 in Stealth
 20417 | Lair:4   | Found a blossoming altar of Fedhas.
 20516 | Lair:4   | Gained mutation: Your magical and physical power is
                  | slightly enhanced at high health. [demonic ancestry]
 20516 | Lair:4   | Reached XP level 13. HP: 105/105 MP: 13/13
 21239 | Lair:5   | Found a gate leading to a gauntlet.
 21248 | Gauntlet | Entered a Gauntlet
 21248 | Gauntlet | Found a transporter.
 21257 | Gauntlet | Found a transporter.
 21259 | Gauntlet | Found a transporter.
 21278 | Gauntlet | Found a transporter.
 21279 | Gauntlet | Found a transporter.
 21292 | Gauntlet | Found a transporter.
 21306 | Gauntlet | Found a transporter.
 21319 | Gauntlet | Found a transporter.
 21324 | Gauntlet | Found a transporter.
 21327 | Gauntlet | Found a transporter.
 21327 | Gauntlet | Found a runed translucent door.
 21345 | Gauntlet | Found a transporter.
 21347 | Gauntlet | Noticed a blizzard demon
 21350 | Gauntlet | Found a transporter.
 21380 | Gauntlet | Found a transporter.
 21395 | Gauntlet | Found a transporter.
 21677 | Gauntlet | Killed a blizzard demon
 21706 | Gauntlet | Identified the +1 pair of boots "Idon" {*Corrode rElec rC++
                  | Dex+9}
 21707 | Gauntlet | Identified the +6 great sword "Sisygot" {protect, Dex+4}
 21726 | Gauntlet | Noticed a minotaur
 21739 | Gauntlet | Killed a minotaur
 22777 | Lair:5   | Found a staircase to the Slime Pits.
 23139 | Orc:1    | Entered Level 1 of the Orcish Mines
 23162 | Orc:1    | Found a flagged portal.
 23197 | Bailey   | Entered a bailey
 24208 | Orc:1    | Reached skill level 1 in Shields
 24688 | Orc:2    | Entered Level 2 of the Orcish Mines
 24795 | Orc:2    | Reached XP level 14. HP: 80/111 MP: 14/14
 24912 | Orc:2    | Found a staircase to the Elven Halls.
 26161 | Orc:2    | Reached skill level 5 in Shields
 26310 | Orc:2    | Found Xushusiak's Distillery.
 26310 | Orc:2    | Found Nuplos's Antique Armour Shop.
 26312 | Orc:2    | Found Qeicron's Book Boutique.
 26314 | Orc:2    | Found Ummynupo's Distillery.
 26329 | Orc:2    | Bought a smouldering plate armour for 924 gold pieces
 26329 | Orc:2    | Identified the +1 plate armour of the Fiddle {*Slow rF+
                  | Int+2 Stlth+} (You bought it in a shop on level 2 of the
                  | Orcish Mines)
 26329 | Orc:2    | Bought a glowing plate armour for 858 gold pieces
 26668 | Swamp:1  | Entered Level 1 of the Swamp
 26815 | Swamp:1  | Reached skill level 12 in Throwing
 27353 | Swamp:1  | You fall into a shaft and drop 1 floor!
 28828 | Swamp:2  | Reached skill level 10 in Shields
 29014 | Swamp:3  | Noticed a ghoul
 29027 | Swamp:3  | Killed a ghoul
 29031 | Swamp:3  | Reached XP level 15. HP: 37/120 MP: 15/15
 29293 | Swamp:3  | Noticed a thorn hunter
 29303 | Swamp:3  | Killed a thorn hunter
 29474 | Swamp:3  | Noticed a thorn hunter
 29487 | Swamp:3  | Killed a thorn hunter
 29541 | Swamp:3  | Noticed a fenstrider witch
 29833 | Swamp:3  | Paralysed by a fenstrider witch for 4 turns
 29843 | Swamp:3  | Killed a fenstrider witch
 29948 | Swamp:3  | Identified the amulet "Sastroby" {Faith Harm *Corrode +Inv
                  | Str+3}
 30037 | Swamp:3  | Identified a scroll of acquirement
 30038 | Swamp:3  | Acquired a manual of Throwing
 31810 | D:10     | Found a broken altar of Ashenzari.
 32040 | D:10     | Found a runed translucent door.
 32046 | D:10     | Noticed RepHenryClay's ghost (journeyman DECj)
 32047 | D:10     | Found the ring of the Octopus King
 32479 | D:10     | Killed RepHenryClay's ghost
 32488 | D:10     | Identified a ring of the Octopus King {MP+9 AC+1 EV+1 Str+1
                  | Int+1 Dex+1}
 33181 | D:11     | Noticed Urug
 33194 | D:11     | Killed Urug
 33406 | D:11     | Found a hazy altar of Hepliaklqana.
 33544 | D:11     | Identified the +5 ring mail of Integrity {Str+3 Int+4}
 33737 | D:12     | Noticed Nessos
 33749 | D:12     | Killed Nessos
 33801 | D:12     | Acquired the +8 arc blade {discharge, rElec}
 33802 | D:12     | Found the +8 arc blade {discharge, rElec}
 33828 | D:12     | Noticed Azrael
 33856 | D:12     | Killed Azrael
 33984 | D:12     | Noticed Gastronok
 34764 | D:12     | Reached XP level 16. HP: 127/127 MP: 16/16
 34866 | D:12     | Killed Gastronok
 35480 | Snake:1  | Entered Level 1 of the Snake Pit
 37072 | Snake:2  | Noticed Frances
 37081 | Snake:2  | Killed Frances
 37483 | Snake:2  | Reached skill level 15 in Shields
 37526 | Snake:2  | Noticed Aizul
 37540 | Snake:2  | Killed Aizul
 37541 | Snake:2  | Reached skill level 13 in Throwing
 38020 | Snake:2  | Identified the +5 ring mail of the Armadillo {rC++ Dex-3}
 38023 | Snake:2  | Found Zixkataq's Jewellery Shop.
 38080 | Snake:2  | Found Xeunkod's Book Emporium.
 38080 | Snake:2  | Found Awny's Book Emporium.
 38094 | Snake:2  | Bought the macabre finger necklace {rN+} for 640 gold
                  | pieces
 38094 | Snake:2  | Found the macabre finger necklace {rN+}
 38723 | Snake:3  | Found a transporter.
 38723 | Snake:3  | Found a transporter.
 38723 | Snake:3  | Noticed krigyl's ghost (adept MiMo)
 38755 | Snake:3  | Gained mutation: You are powered by pain. [demonic
                  | ancestry]
 38755 | Snake:3  | Reached XP level 17. HP: 74/133 MP: 17/17
 38769 | Snake:3  | Killed krigyl's ghost
 38890 | Snake:3  | Identified the +0 plate armour of Lethargy {rC+}
 39011 | Snake:2  | Bought the ring "Feir" {Will+ AC+4 Str+3 Dex+3} for 1040
                  | gold pieces
 39134 | Snake:3  | Reached skill level 14 in Throwing
 39294 | Snake:3  | Reached skill level 5 in Dodging
 39831 | Snake:3  | Reached skill level 10 in Armour
 40437 | Swamp:4  | Entered Level 4 of the Swamp
 41673 | Swamp:4  | Identified the +1 robe "Ciucojeso" {+Inv rN+ Slay-4}
 42351 | Swamp:4  | Got a decaying rune of Zot
 42419 | Swamp:4  | Identified the +3 shortbow of the Endless March {flame,
                  | rC++ rN+ Will+ Dex-3}
 42679 | Snake:4  | Entered Level 4 of the Snake Pit
 42700 | Snake:4  | Acquired a manual of Shields
 42848 | Snake:4  | Found Pieppess's Book Emporium.
 42848 | Snake:4  | Found Acipsoth's Antique Weapon Shoppe.
 43028 | Snake:4  | Identified Ammus's Volume of the Frigorific Escort
 43262 | Snake:4  | Reached skill level 15 in Throwing
 43626 | Snake:4  | Gained mutation: You are mostly covered in molten scales.
                  | (AC +3) [demonic ancestry]
 43626 | Snake:4  | Reached XP level 18. HP: 141/144 MP: 18/18
 44385 | Snake:4  | Got a serpentine rune of Zot
 45546 | Snake:4  | Upgraded the game from 0.27-a0-1136-g0b992a5a9d to
                  | 0.27-a0-1137-g3ef0f4ec91
 45725 | Lair:6   | Entered Level 6 of the Lair of Beasts
 45813 | Lair:6   | Found a large runed translucent door.
 45813 | Lair:6   | Found a large runed translucent door.
 45928 | Lair:6   | Found a frozen archway.
 45954 | IceCv    | Entered an ice cave
 45977 | IceCv    | Reached skill level 16 in Throwing
 49494 | D:13     | Found a portal to a secret trove of treasure.
 49504 | D:13     | Bought a faintly glowing crystal plate armour for 2805 gold
                  | pieces
 49504 | D:13     | Identified the +1 crystal plate armour of Zin's Benevolence
                  | {rC+ Regen+} (You bought it in a shop on level 13 of the
                  | Dungeon)
 49863 | D:14     | Found a gate to the Vaults.
 50018 | D:14     | Identified the +10 long sword "Jezuss" {protect, rN+
                  | Will++}
 50047 | D:14     | Noticed Louise
 50053 | D:14     | Killed Louise
 50099 | D:14     | You fall into a shaft and drop 1 floor!
 50099 | D:15     | Entered Level 15 of the Dungeon
 50571 | D:15     | Found Jeeseif's Assorted Antiques.
 50673 | D:15     | Gained mutation: You are completely covered in molten
                  | scales. (AC +4, rF+) [demonic ancestry]
 50673 | D:15     | Reached XP level 19. HP: 153/153 MP: 19/19
 50893 | D:15     | Found a staircase to the Depths.
 51487 | D:14     | Found an ornate altar of the Wu Jian Council.
 51499 | D:14     | Found a blossoming altar of Fedhas.
 51968 | Vaults:1 | Entered Level 1 of the Vaults
 51968 | Vaults:1 | Found Itooc's Armour Emporium.
 52010 | Vaults:1 | Found Arounal's Jewellery Emporium.
 52124 | Vaults:1 | Found Tioph's Assorted Antiques.
 52133 | Vaults:1 | Reached skill level 15 in Fighting
 52254 | Vaults:1 | Reached skill level 17 in Throwing
 52600 | Vaults:1 | Learned a level 1 spell: Apportation
 52739 | Vaults:1 | Reached skill level 1 in Spellcasting
 52739 | Vaults:1 | Reached skill level 1 in Translocations
 53397 | Vaults:1 | Found Peenees's Assorted Antiques.
 53955 | Vaults:2 | Reached XP level 20. HP: 141/164 MP: 24/26
 54128 | Vaults:2 | Noticed Sojobo
 54183 | Vaults:2 | Killed Sojobo
 54412 | Vaults:2 | Reached skill level 5 in Translocations
 54417 | Vaults:2 | Reached skill level 5 in Spellcasting
 54780 | Vaults:2 | Learned a level 4 spell: Passage of Golubria
 55156 | Vaults:2 | Found Huniof's Weapon Boutique.
 56444 | Vaults:3 | Reached XP level 21. HP: 156/171 MP: 32/32
 56740 | Vaults:3 | Found a staircase to the Crypt.
 56740 | Vaults:3 | Found a basalt altar of Yredelemnul.
 56740 | Vaults:3 | Found an ancient bone altar of Kikubaaqudgha.
 56964 | Vaults:1 | Bought a potion of haste for 250 gold pieces
 57277 | Orc:2    | Bought a potion of haste for 150 gold pieces
 58071 | Vaults:4 | Reached skill level 15 in Armour
 58359 | Vaults:4 | Found the +10 Black Knight's barding {ponderous, rPois rN+}
 59515 | Elf:1    | Entered Level 1 of the Elven Halls
 59711 | Elf:1    | Reached skill level 10 in Translocations
 59743 | Elf:1    | Identified the Grimoire of Confrontation
 59792 | Elf:1    | Reached skill level 10 in Spellcasting
 59898 | Elf:1    | Found Wohaukh's Antique Weapon Boutique.
 60868 | Elf:2    | Gained mutation: Your magical and physical power is
                  | enhanced at high health. [demonic ancestry]
 60868 | Elf:2    | Reached XP level 22. HP: 174/178 MP: 36/36
 61457 | Snake:4  | Bought a book of Spatial Translocations for 910 gold pieces
 61460 | Snake:4  | Learned a level 2 spell: Blink
 61466 | Snake:4  | Learned a level 5 spell: Manifold Assault
 61934 | Elf:2    | Found a runed translucent gate.
 61934 | Elf:2    | Found a runed translucent gate.
 61934 | Elf:2    | Found a runed translucent gate.
 62749 | Vaults:1 | Bought a +0 helmet of intelligence for 184 gold pieces
 62994 | Vaults:3 | Bought a scroll of enchant armour for 82 gold pieces
 63072 | Vaults:5 | Entered Level 5 of the Vaults
 63072 | Vaults:5 | Noticed an ancient lich
 63408 | Vaults:5 | Killed an ancient lich
 63597 | Vaults:5 | Got a silver rune of Zot
 63641 | Vaults:5 | Noticed a dread lich
 63659 | Vaults:5 | Noticed a dread lich
 63684 | Vaults:5 | Killed a dread lich
 63712 | Vaults:5 | Noticed a dread lich
 63742 | Vaults:5 | Killed a dread lich
 63864 | Vaults:5 | Identified the ring of Yrchuq {Ice rN+ Int+2 Dex+7}
 64033 | Vaults:5 | Identified the +9 great mace of Dayligof {freeze, SInv}
 64033 | Vaults:5 | Identified the ring "Gayfiex" {rElec Will+ EV+4 Str-5}
 64277 | Vaults:5 | Identified the Grimoire of Earthen Changing
 64351 | Vaults:5 | Identified Qeock's Almanac of the Blaze and the Compass
 64378 | Vaults:5 | Identified the Reference Book on the Feathery Snowflakes
 64395 | Vaults:5 | Reached XP level 23. HP: 155/184 MP: 39/39
 64526 | Vaults:5 | Noticed a dread lich
 64536 | Vaults:5 | Killed a dread lich
 64576 | Vaults:5 | Noticed a dread lich
 64592 | Vaults:5 | Killed a dread lich
 65323 | Depths:1 | Entered Level 1 of the Depths
 65783 | Depths:1 | Found a gateway to a ziggurat.
 65804 | Depths:1 | Found a gateway to Hell.
 66263 | Depths:1 | Found a one-way gate to the infinite horrors of the Abyss.
 66732 | Depths:1 | Learned a level 6 spell: Dispersal
 67562 | Depths:2 | Reached XP level 24. HP: 191/191 MP: 41/41
 67679 | Depths:2 | Found a runed translucent door.
 67734 | Depths:2 | Identified the Grimoire of the Frostbite
 67963 | Depths:2 | Bought a potion of haste for 160 gold pieces
 68114 | D:13     | You paid a toll of 9 potions of haste to enter a treasure
                  | trove
 68115 | Trove    | Entered a treasure trove
 68122 | Trove    | Identified the ring "Antoz" {rElec Str+4 Slay+4}
 68128 | Trove    | Identified the ring "Xacum" {rF+ Str+2 Stlth+}
 68131 | Trove    | Identified the ring "Wuvur" {Wiz Str+2}
 68132 | Trove    | Identified the ring of Vuseo {rF+ rC+ rCorr Dex-3}
 68134 | Trove    | Identified the ring of Denefuu {rPois rC- Str+4 Int+6}
 68138 | Trove    | Identified the ring "Vaceos" {rF+ Int-4 Dex+5 Slay+4}
 68158 | Trove    | Identified the ring "Kyloa" {+Blink rElec rN+ Dex+3 Stlth-}
 68254 | Trove    | Identified the amulet "Xaimuhone" {RegenMP Drain rElec rN+
                  | Slay+3}
 69140 | Depths:3 | Reached skill level 18 in Throwing
 69243 | Depths:3 | Found a one-way gate leading to the halls of Pandemonium.
 70015 | Depths:3 | Found an ancient bone altar of Kikubaaqudgha.
 70197 | Depths:3 | Reached skill level 15 in Translocations
 70203 | Depths:3 | Reached skill level 15 in Spellcasting
 70926 | Depths:3 | Noticed a juggernaut
 70949 | Depths:3 | Killed a juggernaut
 71452 | Vaults:2 | Bought the +10 rapier "Gangoah" {flame, rCorr} for 767 gold
                  | pieces
 71799 | Depths:4 | Noticed the Enchantress
 72330 | Depths:3 | Bought a scroll of enchant armour for 127 gold pieces
 72505 | Depths:3 | Killed the Enchantress
 72571 | Depths:4 | Reached XP level 25. HP: 193/197 MP: 42/42
 72894 | Depths:4 | Reached skill level 19 in Throwing
 73101 | Depths:4 | Identified Inuu's Compendium of the Damaging Escort
 73120 | Depths:4 | Found a shadowy altar of Dithmenos.
 73295 | Depths:4 | Found a transporter.
 73310 | Depths:4 | Found a transporter.
 73310 | Depths:4 | Found a runed translucent door.
 73310 | Depths:4 | Found a bloodstained altar of Trog.
 73310 | Depths:4 | Noticed a juggernaut
 73311 | Depths:4 | Found the necklace of Bloodlust {*Rage +Rage Will++ Int-3
                  | Slay+6}
 73444 | Depths:4 | Killed a juggernaut
 73633 | Depths:4 | Identified the +0 plate armour "Saolat" {-Cast rF+++ Slay-4
                  | SInv}
 73646 | Depths:4 | Identified the +9 glaive of Bexoipop {flame, rC+ rCorr
                  | Str+2}
 73661 | Depths:4 | Identified the +8 glaive of Revolt {vamp, Dex+4}
 74271 | Depths:5 | Entered Level 5 of the Depths
 74907 | Depths:5 | Reached skill level 10 in Dodging
 75220 | Depths:5 | Found a gate to the Realm of Zot.
 75462 | Zot:1    | Entered Level 1 of the Realm of Zot
 75479 | Zot:1    | Noticed an orb of fire
 75491 | Zot:1    | Killed an orb of fire
 75668 | Zot:1    | You fall into a shaft and drop 1 floor!
 76717 | Zot:1    | Gained mutation: You frequently emit foul miasma when
                  | damaged in melee. [demonic ancestry]
 76717 | Zot:1    | Reached XP level 26. HP: 196/204 MP: 43/43
 77774 | Zot:2    | Found the +7 great mace "Undeadhunter" {disrupt, rN+}
 78340 | Zot:3    | Reached skill level 20 in Throwing
 78779 | Zot:3    | Found a transporter.
 78941 | Zot:3    | Found the +0 mask of the Dragon {Will+ Slay+3 SInv}
 78998 | Zot:3    | Found a runed translucent door.
 78998 | Zot:3    | Noticed Ushret's ghost (legendary GnFE)
 79079 | Zot:3    | Killed Ushret's ghost
 80175 | Zot:5    | Entered Level 5 of the Realm of Zot
 80953 | Zot:5    | Gained mutation: Your magical and physical power is greatly
                  | enhanced at high health. [demonic ancestry]
 80953 | Zot:5    | Reached XP level 27. HP: 198/210 MP: 44/44
 81381 | Zot:5    | Noticed an orb of fire
 81386 | Zot:5    | Killed an orb of fire
 81565 | Zot:5    | Reached skill level 21 in Throwing
 81742 | Zot:5    | Noticed Xosef the pandemonium lord
 81778 | Zot:5    | Noticed an orb of fire
 81994 | Zot:5    | Noticed Cesele the pandemonium lord
 82004 | Zot:4    | Noticed Xaubothra the pandemonium lord
 82099 | Zot:5    | Noticed an orb of fire
 82099 | Zot:5    | Noticed a seraph
 82109 | Zot:5    | Noticed an orb of fire
 82112 | Zot:5    | Killed Xosef the pandemonium lord
 82171 | Zot:5    | Noticed Tyg Fusa the pandemonium lord
 82174 | Zot:5    | Got the Orb of Zot
 82177 | Zot:5    | Killed Tyg Fusa the pandemonium lord
 82234 | Zot:5    | Identified the +1 tower shield "Rygiffep" {+Blink rN+
                  | Regen+ Str-3}
 82453 | Depths:4 | Noticed Asymif the pandemonium lord
 82967 | D:$      | Escaped with the Orb!

Illustrated notes

Levels and vault maps discovered:
D:1:      minmay_arrival_nine_rooms, layout_rooms, serial_bayou_lagoon_b
D:2:      layout_basic, hellmonk_ecumenical_altar_crossroads,
          minmay_randomly_rotated_circles
D:3:      layout_rooms
D:4:      layout_loops_ring, minmay_temple_entry_poolview
D:5:      layout_basic, nrook_loot_triangle, minmay_puff
D:6:      layout_loops_ring, minmay_crossroads
D:7:      layout_cave_pools, lightli_minifort
D:8:      layout_gridville, nicolae_gozag_cash_rules_everything_around_me,
          lair_entry_dummy, hangedman_abyss_or_decor_passed, uniq_grum
D:9:      layout_basic, orc_0_dummy
D:10:     layout_long_grid, nicolae_overflow_hidden_temple,
          ebering_ghost_reflecting_pool, uniq_fannar
D:11:     layout_loops_ring, nicolae_hepliaklqana_hazy_memory, uniq_urug
D:12:     kennysheep_snake, layout_basic, hangedman_abyss_or_decor_lesser_grid,
          minivault_22, uniq_nessos, uniq_gastronok, uniq_azrael
D:13:     layout_grid_maze, nicolae_trove_entry_columns, kennysheep_just_a_vault
D:14:     layout_rooms, hangedman_vaults_entry_quadrant_bands,
          pdpol_wu_jian_five_deadly_venoms, grunt_decor_clamped, fedhas_altar_1,
          uniq_louise
D:15:     gammafunk_enter_depths_forms, layout_layer_cave, serial_shops,
          nicolae_shop_statue_plus, tso_metal_star, small_statue_alley_a
Lair:1:   beast_lair_carwin_large_2, layout_hall_layers
Lair:2:   layout_regular_city, minmay_swamp_entry_eels,
          cheibrodos_lair_lostbears, uniq_nergalle
Lair:3:   layout_roguey, lemuel_oklob_altar
Lair:4:   layout_gridlike, minmay_snake_entry_guardpost_small, basic_altar,
          st_stairs_8, serial_bayou_shore_a
Lair:5:   layout_regular_city, minmay_slime_entry_oklob_open,
          gauntlet_entry_generic
Lair:6:   cheibrodos_lair_end_hotspot, layout_hall_layers,
          portal_ice_cave_entry_imps, hangedman_lair_unloving_vines
Swamp:1:  layout_basic_swamp, nicolae_swamp_trees_clearing
Swamp:2:  nicolae_swamp_husk_halls, layout_basic_swamp,
          evilmike_swamp_ruin_house_3
Swamp:3:  layout_basic_swamp, nicolae_swamp_bean_lake
Swamp:4:  swamp_icy, layout_basic_swamp, infiniplex_staircase_pool
Snake:1:  layout_basic
Snake:2:  layout_gridlike, minmay_shop_grove, grunt_megastairs_1, uniq_aizul,
          uniq_frances
Snake:3:  layout_basic, gammafunk_ghost_arena, grunt_ministairs_15,
          hangedman_snake_corridor_cut, grunt_megastairs_2
Snake:4:  grunt_snake_rune_pools, layout_onion, special_room, minmay_shoptagon
Orc:1:    layout_caves, basic_altar, enter_bailey_5, guppyfry_library_mini
Orc:2:    st_orc_rangers, layout_caves
Elf:1:    layout_gridlike, serial_shops, shop, minmay_elf_annihilation,
          item_on_display_a
Elf:2:    layout_geoelf_diagonals
Vaults:1: vaults_standard_mumra_x, nicolae_vaults_holding_cells, v_misc_10,
          nicolae_vaults_sealed_display, v_misc_18, v_misc_11,
          nicolae_vaults_network_quinsquares
          [nicolae_vaults_network_quincunx_subvault,
          nicolae_vaults_network_quincunx_subvault,
          nicolae_vaults_network_quincunx_subvault,
          nicolae_vaults_network_quincunx_subvault], grunt_vaults_hallway_short,
          vaults_room_door_ring, vaults_room_door_ring, layout_vaults_omnigrid,
          serial_shops, shop, shop, shop, shop
Vaults:2: grunt_vaults_diagonal, nicolae_vaults_ring_of_whatevers, v_misc_3,
          vaults_mumra_hexcomb, nicolae_vaults_border_crossing,
          ontoclasm_vaults_gateway, nicolae_vaults_arrows,
          ontoclasm_vaults_pinch, nicolae_vaults_little_squares_3,
          vaults_mumra_hex, vaults_room_hallway, ontoclasm_vaults_ligature,
          nicolae_vaults_big_angled_halls, layout_vaults_omnibox, serial_shops,
          shop, uniq_sojobo
Vaults:3: v_misc_4, vaults_mumra_minichess, ontoclasm_vaults_decontamination,
          nicolae_vaults_little_squares_4, hangedman_vaults_stream, v_pattern_3,
          minmay_crypt_entry_necro_gods, v_misc_18, layout_vaults_big_room
Vaults:4: v_misc_12, ontoclasm_vaults_ring_small, ontoclasm_vaults_tryst,
          ontoclasm_vaults_fire_temple, grunt_vaults_trifunnel,
          nicolae_vaults_windows_and_doors_thing, v_pattern_2,
          vaults_standard_mumra_enter_the_diamond, hangedman_vaults_hat,
          layout_vaults_big_cross
Vaults:5
Depths:1: layout_cave_pools, enter_ziggurat_c, abyss_entry, grunt_hell_horde,
          serial_sigils_hangedman_scar, minislime_mu
Depths:2: minmay_gate_of_8, layout_cave_shapes, glass_columns_a, hell_entry,
          minmay_st_funbox, st_stairs_8, hangedman_abyss_or_decor_slice,
          minmay_staircase_bubble
Depths:3: kennysheep_large_vault, layout_honeycomb, pan_entry,
          hangedman_abyss_or_decor_stagger, grunt_hell_entry_dis_grunt,
          kiku_gazebo_garden_becter
Depths:4: emtedronai_trogs_sanctum, layout_cave_pools, hell_entry,
          marbit_kobold_abyss_entry, rand_demon_pan_entry_5,
          nicolae_dithmenos_shadow_blocks, infiniplex_enter_wizlab_glasses,
          kennysheep_two_boxes, uniq_enchantress
Depths:5: grunt_zot_entry_alcove, layout_gridville, hellmouth_1,
          minmay_misc_feat_doors, chequers_serial_rivers_large_a
Zot:1:    layout_gridlike, grunt_megastairs_5
Zot:2:    layout_concentric_octagons
Zot:3:    layout_basic, gammafunk_ghost_grave,
          chequers_guarded_unrand_mask_of_the_dragon
Zot:4:    layout_gridlike
Zot:5:    layout_onion, nicolae_lava_and_water, grunt_ministairs_10,
          st_stairs_8, hangedman_zot_decor_slant

Skill      XL: |  1  2  3  4  5  6  7  8  9 10 11 12 13 14 15 16 17 18 19 20 21 22 23 24 25 26 27 |
---------------+----------------------------------------------------------------------------------+-----
Short Blades   | 1 2 3 4 6 7 8 10 11 13 14 | 14.0
Throwing       | 4 5 6 7 8 9 10 11 12 13 15 16 17 18 19 20 21 | 21.3
Fighting       | 3 4 5 7 8 9 10 11 12 13 14 15 16 | 16.1
Armour         | 2 5 7 8 9 10 12 13 14 15 17 | 17.7
Evocations     | 2 5 7 |  7.3
Stealth        | 5 6 |  6.1
Shields        | 2 10 13 15 | 15.0
Dodging        | 3 6 8 10 13 14 | 14.2
Spellcasting   | 4 7 10 12 14 15 16 17 | 17.2
Translocations | 4 7 10 12 14 15 16 18 | 18.8

Action                   |  1- 3 |  4- 6 |  7- 9 | 10-12 | 13-15 | 16-18 | 19-21 | 22-24 | 25-27 || total
-------------------------+-------+-------+-------+-------+-------+-------+-------+-------+-------++-------
Melee: Short sword       |    95 |    35 |       |       |       |       |       |       |       ||   130
       Kick              |    12 |    32 |   124 |   385 |   543 |   659 |   870 |   899 |   784 ||  4308
       Dagger            |       |    76 |   383 |  1044 |   680 |       |       |       |       ||  2183
       Rapier            |       |       |       |       |   530 |  1244 |  1373 |  1448 |  1234 ||  5829
       Unarmed           |       |       |       |       |       |       |       |       |     8 ||     8
Throw: Javelin           |    12 |    11 |    23 |     9 |    50 |   108 |    99 |    27 |    51 ||   390
       Dart              |    14 |    14 |    13 |    43 |       |       |       |       |       ||    84
       Throwing net      |       |     2 |     4 |     3 |       |       |       |       |       ||     9
       Boomerang         |       |       |    25 |    50 |   203 |    53 |    17 |    41 |    20 ||   409
 Cast: Manifold Assault  |       |       |       |       |       |       |       |    12 |    10 ||    22
       Blink             |       |       |       |       |       |       |       |     2 |       ||     2
       Dispersal         |       |       |       |       |       |       |       |       |    14 ||    14
       Apportation       |       |       |       |       |       |       |       |       |     3 ||     3
       Passage of Golubr |       |       |       |       |       |       |       |       |     2 ||     2
Invok: Potion Petition   |       |     1 |       |     1 |     5 |       |       |       |     1 ||     8
       Call Merchant     |       |       |     1 |     1 |       |     2 |     1 |     2 |       ||     7
       Bribe Branch      |       |       |       |       |       |       |       |     1 |     2 ||     3
Evoke: Wand              |       |       |       |     3 |     5 |     3 |       |     7 |     6 ||    24
       Phial of floods   |       |       |       |       |       |       |       |     1 |       ||     1
  Use: Potion            |       |     5 |       |     6 |     7 |       |     1 |     1 |    20 ||    40
       Scroll            |       |     4 |     6 |     8 |    26 |     9 |     3 |    13 |    12 ||    81
 Stab: Sleeping          |       |     4 |       |     1 |       |       |       |       |       ||     5
       Distracted        |       |     1 |       |     4 |     2 |    15 |    19 |    25 |    16 ||    82
       Invisible         |       |     2 |       |     6 |     1 |       |       |       |       ||     9
       Held in net/web   |       |       |       |     2 |       |       |       |       |       ||     2
       Paralysed         |       |       |       |     1 |     1 |       |       |       |       ||     2
       Confused          |       |       |       |       |       |       |       |       |     1 ||     1
Armor: Leather armour    |    25 |    58 |   111 |    71 |       |       |       |       |       ||   265
       Plate armour      |       |       |       |   420 |   613 |   331 |       |       |       ||  1364
       Chain mail        |       |       |       |       |    26 |       |       |       |       ||    26
       Crystal plate arm |       |       |       |       |       |    28 |   442 |   603 |   397 ||  1470
Dodge: Dodged            |    66 |    79 |   180 |   254 |   309 |   214 |   274 |   380 |   273 ||  2029
Block: Buckler           |       |       |       |       |   100 |       |       |       |       ||   100
       Kite shield       |       |       |       |       |   128 |   581 |   643 |   716 |   697 ||  2765

Table legend: (Time is in decaauts)
 A = Elapsed time spent in this place.
 B = Non-inter-level travel time spent in this place.
 C = Inter-level travel time spent in this place.
 D = Time resting spent in this place.
 E = Time spent auto-exploring this place.
 F = Levels seen in this place.
 G = Mean time per level.
                   A        B        C        D        E       F      G
               +--------+--------+--------+--------+--------+-----+--------+
         Total |  79711 |  69564 |  10147 |  17641 |  34235 |  52 | 1532.9 |
       Dungeon |  22400 |  18425 |   3975 |   4727 |  10382 |  15 | 1493.3 |
          Lair |  12140 |  10266 |   1874 |   3835 |   4240 |   6 | 2023.3 |
         Swamp |   6004 |   5602 |    402 |   1878 |   2612 |   4 | 1501.0 |
     Snake Pit |   7770 |   6953 |    817 |   1996 |   3637 |   4 | 1942.5 |
  Orcish Mines |   3073 |   2596 |    477 |    663 |   1159 |   2 | 1536.5 |
   Elven Halls |   2098 |   1836 |    262 |    107 |   1260 |   2 | 1049.0 |
        Vaults |   9120 |   7978 |   1142 |   1037 |   4287 |   5 | 1824.0 |
        Depths |   8267 |   7488 |    779 |   1710 |   3192 |   5 | 1653.4 |
           Zot |   6377 |   5961 |    416 |   1360 |   2564 |   5 | 1275.4 |
         Trove |    250 |    250 |      0 |      0 |      0 |   1 |  250.0 |
        Bailey |    747 |    747 |      0 |      4 |    367 |   1 |  747.0 |
      Ice Cave |    903 |    903 |      0 |    185 |    518 |   1 |  903.0 |
      Gauntlet |    559 |    559 |      0 |    135 |     15 |   1 |  559.0 |
               +--------+--------+--------+--------+--------+-----+--------+

Top non-repeatable levels by time:
  Lair:1: 4255 daAuts
 Snake:4: 2857 daAuts
Depths:3: 2433 daAuts
   Orc:2: 2187 daAuts
     D:8: 2078 daAuts
Vaults:1: 2065 daAuts
 Swamp:4: 2050 daAuts
  Lair:2: 1982 daAuts
     D:9: 1969 daAuts
     D:2: 1932 daAuts
Vaults:2: 1931 daAuts
  Lair:3: 1909 daAuts
Vaults:4: 1903 daAuts
 Snake:2: 1851 daAuts
Depths:1: 1835 daAuts
